 Dungeon Crawl Stone Soup version 0.28.0-43-g3370ac3207 (webtiles) character file.

Game seed: 6472022914273019054

121 pkoi the Conjurer (level 5, -2/31 HPs)
             Began as an Octopode Conjurer on Mar 17, 2022.
             Slain by a hobgoblin (5 damage)
             ... on level 4 of the Dungeon.
             The game lasted 00:04:07 (3074 turns).

pkoi the Conjurer (Octopode Conjurer)               Turns: 3074, Time: 00:04:08

Health: -2/31      AC:  1    Str:  6    XL:     5   Next: 5%
Magic:  1/9        EV: 12    Int: 22    God:
Gold:   86         SH:  6    Dex: 11    Spells: 3/10 levels left

rFire   . . .      SeeInvis .   (no weapon)
rCold   . . .      Faith    .   b - +3 warlock's mirror {reflect}
rNeg    . . .      Spirit   .   (helmet restricted)
rPois   .          Reflect  +   (no amulet)
rElec   .          Harm     .   (no ring)
rCorr   .          Rampage  .   (no ring)
Will    .....                   (no ring)
Stlth   +++.......              (no ring)
HPRegen 0.10/turn               (no ring)
MPRegen 0.11/turn               (no ring)
                                (no ring)
                                (no ring)

@: no status effects
A: almost no armour, amphibious, 8 rings, camouflage 1, gelatinous body 1,
(nimble swimmer 1), tentacles
a: no special abilities


You were on level 4 of the Dungeon.
You visited 1 branch of the dungeon, and saw 4 of its levels.

You collected 86 gold pieces.

Inventory:

Hand Weapons
 a - a +0 spear of draining
Missiles
 j - 3 poisoned darts
Armour
 b - the +3 warlock's mirror (worn) {reflect}
   (You acquired it on level 3 of the Dungeon)

   It can block and reflect piercing ranged attacks and magical attacks against
   the wielder's willpower.
Jewellery
 d - a ring of flight
 k - a ring of wizardry
Scrolls
 n - a scroll of blinking
Potions
 h - 3 potions of curing {unknown}
 i - a potion of attraction
 l - a potion of heal wounds
 m - a potion of haste


   Skills:
 - Level 2.0 Dodging
 - Level 2.6 Stealth
 + Level 0.5 Shields
 + Level 3.0 Spellcasting
 + Level 5.3 Conjurations
 * Level 1.1 Translocations


You had 3 spell levels left.
You knew the following spells:

 Your Spells              Type           Power      Damage    Failure   Level
a - Magic Dart            Conj           100%       1d8       1%          1
b - Searing Ray           Conj           52%        2d6       2%          2
c - Iskenderun's Mystic   Conj/Tloc      17%        2d5       41%         4

Your spell library contained the following spells:

 Spells                   Type           Power      Damage    Failure   Level
 Dazzling Flash           Conj/Hex       30%        N/A       17%         3
 Ozocubu's Armour         Ice            3%         N/A       45%         3
 Fulminant Prism          Conj/Hex       7%         3d7       50%         4
 Metabolic Englaciation   Hex/Ice        1%         N/A       99%         5
 Simulacrum               Ice/Necr       1%         N/A       100%        6


Dungeon Overview and Level Annotations

Branches:
Dungeon (3/15)

Altars:
Vehumet

Annotations:
D:3 3 runed translucent doors
D:4 Sigmund


Innate Abilities, Weirdness & Mutations

You cannot wear most types of armour.
You are amphibious.
You can wear up to eight rings at the same time.
Your skin changes colour to match your surroundings (Stealth+).
Your rubbery body absorbs attacks. (AC +1, EV +1)
((You are camouflaged when in or above water. (Stealth+)))
You have tentacles for arms and can constrict up to eight enemies at once.


Message History

The magic dart hits the iguana but does no damage.
The iguana is severely wounded.
The hobgoblin zaps a wand.
The puff of flame hits you!
* * * LOW HITPOINT WARNING * * *
You are too injured to fight recklessly!
You are too injured to fight recklessly!
Aiming: Magic Dart (safe; 1% risk of failure)
Press: ? - help, Q - select action, (/) - cycle Shift-Dir - straight line, f/p - iguana
Aim: an iguana (severely wounded, 100% to hit)
The magic dart hits the iguana.
The iguana is almost dead.
Unknown command.
Aiming: Magic Dart (safe; 1% risk of failure)
Press: ? - help, Q - select action, (/) - cycle Shift-Dir - straight line, f/p - iguana
Aim: an iguana (almost dead, 100% to hit)
The magic dart hits the iguana.
You kill the iguana!
Your Spellcasting skill increases to level 3!
Your Translocations skill increases to level 1!
You have reached level 5!
You feel agile.
Aiming: Magic Dart (safe; 1% risk of failure)
Press: ? - help, Q - select action, (/) - cycle Shift-Dir - straight line, f - hobgoblin
Aim: a hobgoblin, carrying a wand of flame (6) (100% to hit)
The magic dart hits the hobgoblin.
The hobgoblin is heavily wounded.
The hobgoblin zaps a wand.
The puff of flame hits you!
* * * LOW HITPOINT WARNING * * *
Sigmund the Dreaded comes into view.
He is wielding a +0 scythe.
You see here an iguana corpse.
Really attack while wielding nothing?
You tentacle-slap the hobgoblin but do no damage.
Your grab misses the hobgoblin. Your squeeze misses the hobgoblin.
The hobgoblin is heavily wounded.
Sigmund says, "Your kind have come here before.
I understand now why.
You desire death..."
Sigmund gestures at you while chanting. The magic dart hits you!
* * * LOW HITPOINT WARNING * * *
The hobgoblin hits you.
You die...

.........
..#@_.#(.
........#
....#...#
......# ....#
#..# ### #g##
#.# #@.# ###.#
##.# #[..#
#.######.###
#....##..###
##........).##
##............##
#....).........#
#..............#
#..............#


You could see Sigmund and a hobgoblin.

Vanquished Creatures
  An iguana (D:4)
  6 adders
  A dart slug (D:1)
  6 bats
  6 endoplasms
  A giant cockroach (D:3)
  3 goblins
  4 hobgoblins
  2 quokkas
  2 ball pythons (D:3)
  2 frilled lizards (D:1)
  3 kobolds
  6 rats
43 creatures vanquished.

Notes
Turn   | Place    | Note
-------+----------+-------------------------------------------
     0 | D:1      | pkoi the Octopode Conjurer began the quest for the Orb.
     0 | D:1      | Reached XP level 1. HP: 11/11 MP: 3/3
   264 | D:1      | Reached XP level 2. HP: 17/17 MP: 0/5
  1041 | D:1      | Reached XP level 3. HP: 21/21 MP: 0/6
  1357 | D:2      | Found a faded altar of an unknown god.
  1367 | D:1      | Learned a level 2 spell: Searing Ray
  1972 | D:2      | Reached skill level 5 in Conjurations
  1972 | D:2      | Reached XP level 4. HP: 27/27 MP: 1/8
  2719 | D:3      | Identified a scroll of acquirement
  2719 | D:3      | Acquired the +3 warlock's mirror {reflect}
  2719 | D:3      | Found the +3 warlock's mirror {reflect}
  2731 | D:3      | Learned a level 4 spell: Iskenderun's Mystic Blast
  2763 | D:3      | Found a runed translucent gate.
  2764 | D:3      | Found a runed translucent gate.
  2777 | D:3      | Found a runed translucent gate.
  2991 | D:3      | You fall into a shaft and drop 1 floor!
  3046 | D:4      | Identified the +0 robe of Too Many Cooks {rF+ Dex+6}
  3063 | D:4      | Found a radiant altar of Vehumet.
  3071 | D:4      | Reached skill level 1 in Translocations
  3071 | D:4      | Reached XP level 5. HP: 21/31 MP: 1/9
  3072 | D:4      | Noticed Sigmund
  3074 | D:4      | Slain by a hobgoblin

Illustrated notes

Levels and vault maps discovered:
D:1:      dpeg_arrival_radiant, layout_loops_ring, minmay_tiny_reverse_x
D:2:      layout_loops_corners, nicolae_ecumenical_pavilion
D:3:      layout_loops_ring, gammafunk_ghost_icy, minmay_misc_feat_plants,
          kennysheep_boxes
D:4:      layout_rooms, vehumet_altar_wand_db, minmay_temple_entry_trees,
          gup_sewer_entry_spiral, uniq_sigmund

Skill      XL: |  1  2  3  4 |
---------------+-------------+-----
Conjurations   | 5 |  5.3
Spellcasting   | 3 |  3.0
Translocations | 1 |  1.1
Dodging        | |  2.0
Stealth        | |  2.6
Shields        | |  0.5

Action                   |  1- 3 |  4- 6 || total
-------------------------+-------+-------++-------
Melee: Unarmed           |       |     1 ||     1
 Cast: Magic Dart        |    62 |    32 ||    94
  Use: Scroll            |       |     9 ||     9
Armor: Skin              |       |     1 ||     1
Dodge: Dodged            |     3 |     3 ||     6
